 Dungeon Crawl Stone Soup version 0.29-a0-284-gf9362112df (webtiles) character file.

Game seed: 16278722558097285045

9 stonesoup the Skirmisher (level 2, 0/24 HPs)
             Began as a Demonspawn Berserker on Mar 24, 2022.
             Was a Follower of Trog.
             Slain by a jackal (2 damage)
             ... on level 1 of the Dungeon.
             The game lasted 00:00:56 (95 turns).

stonesoup the Skirmisher (Demonspawn Berserker)       Turns: 95, Time: 00:00:57

Health: 0/24       AC:  2    Str: 17    XL:     2   Next: 6%
Magic:  2/2        EV: 12    Int:  8    God:    Trog [*.....]
Gold:   0          SH:  0    Dex: 12    Spells: 1/1 levels left

rFire   . . .      SeeInvis .   a - +0 mace
rCold   . . .      Faith    .   (no shield)
rNeg    . . .      Spirit   .   b - +0 animal skin
rPois   .          Reflect  .   (no helmet)
rElec   .          Harm     .   (no cloak)
rCorr   .          Rampage  .   (no gloves)
Will    .....                   (no boots)
Stlth   +.........              (no amulet)
HPRegen 0.08/turn               (no ring)
MPRegen 0.08/turn               (no ring)

@: on berserk cooldown, slowed, very slow
A: powered by death 1
a: Renounce Religion, Berserk


You were on level 1 of the Dungeon.
You worshipped Trog.
Trog was aware of your devotion.
You visited 1 branch of the dungeon, and saw 1 of its levels.

Inventory:

Hand Weapons
 a - a +0 mace (weapon)
Armour
 b - a +0 animal skin (worn)


   Skills:
 + Level 3.1 Fighting
 + Level 2.8 Maces & Flails
 + Level 2.0 Armour
 + Level 2.0 Dodging


You had one spell level left.
You didn't know any spells.
Your spell library was empty.

Dungeon Overview and Level Annotations

Branches:
Dungeon (1/15)

Altars:


Innate Abilities, Weirdness & Mutations

You regenerate a little health from kills.


Message History

The jackal bites you.
* * * LOW HITPOINT WARNING * * *
The jackal closely misses you.
The jackal barks! x2
You hit the jackal but do no damage.
You hear a bark!
A jackal comes into view.
The jackal bites you.
* * * LOW HITPOINT WARNING * * *
A jackal comes into view.
An endoplasm comes into view.
The jackal closely misses you. The jackal misses you.
You hear a shout!
You're still recovering from your berserk rage.
The jackal closely misses you. The jackal bites you.
* * * LOW HITPOINT WARNING * * *
The jackal barely misses you.
The jackal bites you but does no damage.
The jackal bites you.
* * * LOW HITPOINT WARNING * * *
The jackal bites you but does no damage.
The jackal barely misses you. The jackal bites you.
* * * LOW HITPOINT WARNING * * *
The jackal barely misses you. The jackal misses you.
Things that are here:
a +0 short sword; a goblin corpse You enter the shallow water.
Moving in this stuff is going to be slow.
The jackal misses you.
The jackal bites you but does no damage.
The jackal misses you. The jackal closely misses you. The jackal misses you.
Why would you want to do that? Why would you want to do that?
Why would you want to do that? Why would you want to do that?
Why would you want to do that? Why would you want to do that?
Why would you want to do that?
The jackal bites you but does no damage.
The jackal barely misses you. The jackal bites you.
You die...

.........................#
≈≈≈≈≈≈≈≈≈≈≈≈≈≈≈≈≈........#.
≈≈≈≈≈≈≈≈≈≈≈≈≈≈≈≈≈....:.....
≈≈≈≈≈≈≈≈≈≈≈≈≈≈≈≈≈..........
#≈≈≈≈≈≈≈#'#+#≈≈≈!.))##...
##+###'##...'≈≈≈..†.......
+.......'...'≈≈†h....#....
#.#####.###+#≈≈hh...#.....
#...#...#≈≈≈≈@h...#.##..
#...'.⌠.'≈≈≈..⌠...# #
#.<.'.⌠.'≈≈≈..⌠.....#
#...#...#≈≈≈≈.....###
#.#####.#'#'#≈≈≈....#
#.......#...'≈≈≈......
##+###'##..>'≈≈≈(..#...
#≈≈≈≈≈≈≈#+#'#≈≈≈.....#.
≈≈≈≈≈≈≈≈≈≈≈≈≈≈≈≈≈....#


You could see 4 jackals.

Vanquished Creatures
  A dart slug (D:1)
  A giant cockroach (D:1)
  4 goblins (D:1)
  A frilled lizard (D:1)
7 creatures vanquished.

Notes
Turn   | Place    | Note
-------+----------+-------------------------------------------
     0 | D:1      | stonesoup the Demonspawn Berserker began the quest for the
                  | Orb.
     0 | D:1      | Reached XP level 1. HP: 18/18 MP: 1/1
    83 | D:1      | Gained mutation: You regenerate a little health from kills.
                  | [demonic ancestry]
    83 | D:1      | Reached XP level 2. HP: 9/24 MP: 2/2
    95 | D:1      | Slain by a jackal

Illustrated notes

Levels and vault maps discovered:
D:1:      dpeg_arrival_castle, layout_rooms, serial_bayou_pond_e,
          roderic_filled_cross

Skill      XL: |  1 |
---------------+----+-----
Armour         | 2 |  2.0
Dodging        | 2 |  2.0
Fighting       | |  3.1
Maces & Flails | |  2.8

Action                   || total
-------------------------++-------
Melee: Mace              ||    22
Invok: Berserk           ||     1
Armor: Animal skin       ||     6
Dodge: Dodged            ||    31

Table legend: (Time is in decaauts)
 A = Elapsed time spent in this place.
 B = Non-inter-level travel time spent in this place.
 C = Inter-level travel time spent in this place.
 D = Time resting spent in this place.
 E = Time spent auto-exploring this place.
 F = Levels seen in this place.
 G = Mean time per level.
                   A        B        C        D        E       F      G
               +--------+--------+--------+--------+--------+-----+--------+
         Total |    101 |    101 |      0 |      0 |     54 |   1 |  101.0 |
       Dungeon |    101 |    101 |      0 |      0 |     54 |   1 |  101.0 |
               +--------+--------+--------+--------+--------+-----+--------+

Top non-repeatable levels by time:
     D:1: 101 daAuts
